 Dungeon Crawl Stone Soup version 0.23.2-40-g277498a001 (webtiles) character file.

Game seed: 8247984147312868518

210 ANON1729 the Skirmisher (level 5, 0/51 HPs)
             Began as a Naga Fighter on Sept 18, 2019.
             Slain by a gnoll
             ... wielding a +0 club
              (9 damage)
             ... on level 2 of the Dungeon.
             The game lasted 00:02:05 (1296 turns).

ANON1729 the Skirmisher (Naga Fighter)              Turns: 1296, Time: 00:02:05

Health: 0/51       AC:  5    Str: 20    XL:     5   Next: 88%
Magic:  5/5        EV:  5    Int:  8    God:
Gold:   104        SH:  8    Dex: 10    Spells: 4/4 levels left

rFire    . . .     SeeInvis +   a - +0 war axe
rCold    . . .     Gourm    .   c - +0 shield
rNeg     . . .     Faith    .   b - +0 scale mail
rPois    +         Spirit   .   (no helmet)
rElec    .         Reflect  .   (no cloak)
rCorr    .         Harm     .   (no gloves)
MR       .....                  (no barding)
Stlth    ..........             (no amulet)
HPRegen  0.17/turn              (no ring)
MPRegen  0.09/turn              (no ring)

@: lethally poisoned (0 -> -1), short of breath, very slow
A: large, see invisible, deformed body, poison resistance, slowness 2, slow
metabolism 1, spit poison 1, AC +1
a: Spit Poison


You were on level 2 of the Dungeon.
You were not hungry.

You visited 1 branch of the dungeon, and saw 2 of its levels.

You collected 104 gold pieces.

Inventory:

Hand Weapons
 a - a +0 war axe (weapon)
Armour
 b - a +0 scale mail (worn)
 c - a +0 shield (worn)
Scrolls
 g - 2 scrolls of remove curse {unknown}
 h - a scroll of teleportation {unknown}
 k - 2 scrolls of identify {unknown}
 p - a scroll of noise {unknown}
 q - a scroll of amnesia {unknown}
 r - a scroll of fog {unknown}
Potions
 d - 2 potions of might
 e - a potion of ambrosia {unknown}
 i - 2 potions of flight {unknown}
 j - 2 potions of resistance {unknown}
 l - 2 potions of brilliance {unknown}
 m - a potion of curing {unknown}
 n - a potion of invisibility {unknown}
 o - a potion of lignification {unknown}
 t - a potion of berserk rage {unknown}
Comestibles
 f - 8 rations
 s - a chunk of flesh


   Skills:
 * Level 4.5 Fighting
 * Level 4.0 Axes
 + Level 3.2 Armour
 - Level 2.4 Shields


You had 4 spell levels left.
You didn't know any spells.
Your spell library was empty.

Dungeon Overview and Level Annotations

Branches:
Dungeon (2/15)

Altars:


Innate Abilities, Weirdness & Mutations

You cannot wear boots.
Your serpentine skin is tough. (AC +1)
You have supernaturally acute eyesight. (SInv)
Armour fits poorly on your strangely shaped body.
Your system is resistant to poisons. (rPois)
You cover ground very slowly.
You have a slow metabolism.
You can spit poison.


Message History

You hit the gnoll.
The gnoll is heavily wounded.
The gnoll hits you with a +0 club.
* * * LOW HITPOINT WARNING * * *
You have got your breath back.
You hit the gnoll.
The gnoll is severely wounded.
You feel sick.
The gnoll drinks a potion.
The gnoll is healed!
The gnoll completely misses you.
Press: ? - help, Shift-Dir - straight line, f/p - gnoll
Aim: a gnoll, wielding a +0 club The splash of poison hits the gnoll!
The gnoll is severely wounded.
You feel slightly more hungry.
You feel sick. The gnoll hits you with a +0 club.
* * * LOW HITPOINT WARNING * * *
You closely miss the gnoll.
The gnoll is severely wounded.
The gnoll barely misses you. The gnoll hits you with a +0 club!
You die...

#.#)#.#####..#####.............##
#.#.#.# #..# ####..######....
#.#.#.#####.####### #.## ##.##
#.................. ..# #.##
###...ggg..g# ## #.## ###(#.###.#
##############... #)#.# #.#
#..........)...## ####.#.#
#.#####.############## #......#
#.).gg@.# #.##...# #########
#>#....##### ##### #.#.#......#
##.>.# #......###.# ######.....
###.##.# #.# #.......... #.##.#
#.# ##.####.....
#.##.###.##########...####...#
#.##...........)...#.#.##.###.


You could see 2 gnolls.

Vanquished Creatures
  An ogre (D:2)
  An orc priest (D:2)
  2 gnolls (D:2)
  2 adders (D:2)
  A worm (D:2)
  2 dart slugs (D:1)
  2 leopard geckos (D:2)
  4 orcs (D:2)
  A ball python (D:1)
  3 giant cockroaches
  5 goblins
  5 hobgoblins
  2 bats
  5 frilled lizards
  5 kobolds
  4 rats (D:1)
45 creatures vanquished.

Notes
Turn   | Place    | Note
-------+----------+-------------------------------------------
     0 | D:1      | ANON1729 the Naga Fighter began the quest for the Orb.
     0 | D:1      | Reached XP level 1. HP: 21/21 MP: 1/1
    94 | D:1      | Reached XP level 2. HP: 26/28 MP: 2/2
   448 | D:2      | Reached XP level 3. HP: 24/34 MP: 3/3
   530 | D:2      | Noticed an ogre
   544 | D:2      | Killed an ogre
   544 | D:2      | Reached XP level 4. HP: 25/44 MP: 4/4
   544 | D:2      | Reached XP level 5. HP: 29/50 MP: 5/5
  1296 | D:2      | Slain by a gnoll

Skill      XL: |  1  2  3  4  5 |
---------------+----------------+-----
Fighting       | 4 |  4.5
Axes           | 3 4 |  4.0
Armour         | 3 |  3.2
Shields        | |  2.4

Action                   |  1- 3 |  4- 6 || total
-------------------------+-------+-------++-------
Melee: War axe           |    83 |    98 ||   181
 Abil: Spit Poison       |       |     3 ||     3
  Eat: Chunk             |       |     1 ||     1
Armor: Scale mail        |    38 |    38 ||    76
Dodge: Dodged            |    11 |    25 ||    36
Block: Shield            |    47 |    43 ||    90
